 Dungeon Crawl Stone Soup version 0.27.1-33-g824d729ab1 (console) character file.

Game seed: 10225614038246358565

15640 Banquo the Fighter (level 12, -8/94 HPs)
             Began as a Djinni Gladiator on Dec 4, 2021.
             Was a Priest of Ashenzari.
             Killed from afar by a ynoxinul (42 damage)
             ... with an iron shot
             ... in a Gauntlet.
             The game lasted 01:13:38 (15632 turns).

Banquo the Fighter (Djinni Gladiator)              Turns: 15632, Time: 01:13:39

Health: -8/94      AC:  8    Str: 13    XL:     12   Next: 60%
Gold:   626        EV: 15    Int: 15    God:    Ashenzari [***...] SH:  6 Dex: 15

rFire    + + .     SeeInvis +   a - +0 rapier (drain)
rCold    x . .     Faith    .   i - +0 buckler of Toth-Mos's Legacy {Fort, Evo} (curse)
rNeg     . . .     Spirit   .   d - +0 acid dragon scales
rPois    ∞         Reflect  .   h - +0 helmet "Lashed Together" {Fort, Melee} (curse)
rElec    .         Harm     .   e - +0 cloak of the Ether {Cun, Evo} (curse)
rCorr    +         Rampage  .   g - +0 pair of gloves of Ashenzari's Malaise {Fort, Melee} (curse)
Will     +....     Clarity  +   (boots unavailable) Stlth +.........NoTele +
                                m - amulet of regeneration
HPRegen  1.25/turn              (no ring)
MPRegen  0.00/turn              (no ring)

@: corroded, flying, studying 2 skills
A: sickness immunity, fire resistance 2, cold vulnerability 1, float, innate
caster, hp casting, extra vitality 1
a: Renounce Religion, Shatter the Chains


You were in a Gauntlet.
You worshipped Ashenzari.
Ashenzari was most pleased with you.
You visited 3 branches of the dungeon, and saw 13 of its levels.
You also visited: Sewer, Gauntlet and Volcano.

You collected 626 gold pieces.

Inventory:

Hand Weapons
 a - a +0 rapier of draining (weapon)
 j - a +0 trident
 k - a +0 whip of electrocution
 D - a +1 whip of holy wrath
 F - a +1 short sword of speed
Missiles
 b - 4 throwing nets (quivered)
 f - 23 poisoned darts
 G - 7 boomerangs
Armour
 d - +0 acid dragon scales (worn)
 e - the cursed +0 cloak of the Ether (worn) {Cun, Evo}
   (You found it on level 1 of the Dungeon)

   It has a curse which improves the following skills: Cunning: Dodging and
   Stealth.
   Evocations: Evocations.
 g - the cursed +0 pair of gloves of Ashenzari's Malaise (worn) {Fort, Melee}
   (You found it on level 6 of the Dungeon)

   It has a curse which improves the following skills: Fortitude: Armour and
   Shields.
   Melee Combat: Short Blades, Long Blades, Axes, Maces & Flails, Polearms,
   Staves and Unarmed Combat.
 h - the cursed +0 helmet "Lashed Together" (worn) {Fort, Melee}

   It has a curse which improves the following skills: Fortitude: Armour and
   Shields.
   Melee Combat: Short Blades, Long Blades, Axes, Maces & Flails, Polearms,
   Staves and Unarmed Combat.
 i - the cursed +0 buckler of Toth-Mos's Legacy (worn) {Fort, Evo}
   (You found it on level 3 of the Dungeon)

   It has a curse which improves the following skills: Fortitude: Armour and
   Shields.
   Evocations: Evocations.
 M - a scarf of repulsion
Magical Staves
 l - a staff of cold
Jewellery
 m - an amulet of regeneration (around neck)
Wands
 p - a wand of flame (43)
 x - a wand of digging (5)
 z - a wand of paralysis (9)
 H - a wand of charming (9)
 K - a wand of iceblast (24)
 O - a wand of acid (9)
Scrolls
 c - 3 scrolls of blinking
 n - 2 scrolls of silence
 q - a scroll of summoning
 v - 3 scrolls of teleportation
 J - a scroll of holy word
Potions
 r - 9 potions of curing
 s - 2 potions of invisibility
 u - a potion of cancellation
 w - a potion of resistance
 C - 4 potions of brilliance
 E - 2 potions of haste
 I - a potion of heal wounds
 N - a potion of might


   Skills:
 + Level 11.3 Fighting
 + Level 8.2(11.1) Short Blades
 - Level 1.5 Throwing
 - Level 5.7(9.5) Armour
 - Level 6.5(8.5) Dodging
 - Level 3.2(6.5) Shields
 * Level 8.5 Spellcasting


You had 16 spell levels left.
You knew the following spells:

 Your Spells              Type           Power      Damage    Failure   Level
a - Magic Dart            Conj           100%       1d8       1%          1
b - Slow                  Hex            31%        N/A       1%          2
p - Passwall              Tmut/Erth      25%        N/A       1%          2
L - Inner Flame           Hex/Fire       31%        N/A       1%          3
Y - Ice Form              Ice/Tmut       31%        N/A       4%          4
Your spell library was empty.

Dungeon Overview and Level Annotations

Branches:
Dungeon (9/15)             Temple (1/1) D:5            Lair (3/6) D:8
  Snake (0/4) Lair:2        Sewer (visited)         Volcano (visited)
Gauntlet (1/1)
  Swamp: Lair:2-4    Shoals: Lair:2-4       Orc: D:9-12

Altars:
Ashenzari
Cheibriados
Dithmenos
Elyvilon
Fedhas
Gozag
Hepliaklqana
Kikubaaqudgha
Makhleb
Nemelex Xobeh
Qazlal
Ru
Sif Muna
Trog
Uskayaw
Vehumet
Wu Jian
Xom
Yredelemnul
Zin
The Shining One
Beogh
Lugonu

Shops:
D:2 [   D:8 (

Annotations:
D:2 Terence
D:4 3 runed translucent doors, Stajl's ghost, amateur TrFi
D:5 2 transporters, letownia's ghost, novice BaWr
D:7 2 transporters, exclusion: ice statue, waddelsworth's ghost, novice GrBe
D:9 2 transporters
Lair:1 exclusion: 3 oklob plants Gauntlet 11 transporters


Innate Abilities, Weirdness & Mutations

You are immune to sickness and miasma.
You are immune to poison.
Your flesh is very heat resistant. (rF++)
You are vulnerable to cold. (rC-)
You float through the air rather than walking.
You learn spells naturally, not from books.
Your magical power is your life essence.
You have superior vitality. (+4 HP)


Message History

The rust devil hits you.
The ynoxinul gestures.
You hit the rust devil but do no damage.
The rust devil is almost dead.
The rust devil barely misses you.
The ynoxinul hits you but does no damage.
You closely miss the rust devil.
The rust devil is almost dead.
You hit the rust devil but do no damage.
The rust devil is almost dead.
The rust devil hits you. The ynoxinul barely misses you.
You hit the rust devil but do no damage.
The rust devil is almost dead.
The rust devil misses you.
You puncture the rust devil!
You kill the rust devil!
The ufetubus disappears in a puff of smoke!
The ynoxinul gestures.
The iron imp shouts, "Back with thee, thou skyhacking ill-breeding brigand!"
You hit the ynoxinul.
The ynoxinul is lightly wounded.
You block the ynoxinul's attack.
You hit the ynoxinul but do no damage.
The ynoxinul is lightly wounded.
You puncture the ynoxinul!
The ynoxinul is moderately wounded.
The ufetubus disappears in a puff of smoke!
The ynoxinul hits you but does no damage.
You hit the ynoxinul but do no damage.
The ynoxinul is moderately wounded.
The ynoxinul gestures at you. The iron shot hits you!!
You puncture the ynoxinul!
The ynoxinul is heavily wounded.
You block the iron imp's attack.
You closely miss the ynoxinul.
The ynoxinul is heavily wounded.
The ynoxinul gestures at you. The iron shot hits you!!!
You die...

#...#...#8..©#....≈##
#≈≈≈#...#########.≈≈#
##≈###..#.##©!.=#.≈##
## ##.#..##..##.##
##≈.#...#.###.≈##
#≈≈.#.##.##5#.≈≈#
##≈.###.#§55#.≈##
##.##..##53#.##
##≈.#....##@#.≈##
#≈≈.#########.≈≈#
##≈.#8..©#....≈##
##.#©...#.8..##
##≈.#8..©#....≈##
#≈≈.#########.≈≈#
##≈.##..©..##.≈##
##.##..###.#.##
##≈.#.##†.#.#.≈##


You could see a ynoxinul, 2 iron imps and 2 ufetubi.

Vanquished Creatures
  A hydra (Lair:3)
  A centaur warrior (D:9)
  A necromancer (Gauntlet)
  A rust devil (Gauntlet)
  Psyche (D:8)
  2 cane toads
  Maggie (Lair:1)
  A komodo dragon (Lair:3)
  A troll (D:6)
  A polar bear (Lair:2)
  A hornet (D:7)
  5 blink frogs (Lair:3)
  A spriggan (Lair:2)
  A wyvern (D:9)
  24 yaks
  2 fire elementals (Volcano)
  4 vampire mosquitoes (D:9)
  2 acid dragons (D:9)
  2 nagas (Lair:2)
  6 hell hounds (Volcano)
  3 water moccasins
  2 orc warriors
  6 black bears
  A hornet zombie (D:8)
  4 necrophages
  8 wolves
  3 centaurs
  8 bullfrogs
  2 wyvern zombies
  4 scorpions
  2 water moccasin skeletons
  5 howler monkeys
  3 centaur zombies
  A bullfrog zombie (D:6)
  3 jellies
  2 orc priests (D:9)
  4 hounds
  A bullfrog skeleton (D:5)
  2 iron imps (Gauntlet)
  An iguana (D:4)
  4 orc wizards
  A scorpion zombie (D:3)
  A hell rat (Lair:3)
  A killer bee zombie (D:6)
  A mummy (D:4)
  2 howler monkey zombies
  8 gnolls
  A howler monkey skeleton (D:4)
  7 adders
  5 river rats (Lair:3)
  A worm (D:3)
  5 dart slugs
  29 orcs
  5 bats
  11 endoplasms
  18 giant cockroaches
  10 goblins
  11 hobgoblins
  4 jackals (D:1)
  13 quokkas
  3 training dummies (D:8)
  19 ball pythons
  19 frilled lizards
  A jackal skeleton (D:4)
  12 kobolds
  A quokka zombie (D:3)
  25 rats
342 creatures vanquished.

Vanquished Creatures (collateral kills)
  2 deep elf pyromancers (Volcano)
  A hell hound (Volcano)
3 creatures vanquished.

Vanquished Creatures (others)
  A bush (D:8)
  6 fungi
  34 plants
  A withered plant (Gauntlet)
42 creatures vanquished.

Grand Total: 387 creatures vanquished

Notes
Turn   | Place    | Note
-------+----------+-------------------------------------------
     0 | D:1      | Banquo the Djinni Gladiator began the quest for the Orb.
     0 | D:1      | Reached XP level 1. HP: 18/18 MP: 0/0
   162 | D:1      | Reached XP level 2. HP: 23/23 MP: 0/0
   490 | D:1      | Reached XP level 3. HP: 29/29 MP: 0/0
   490 | D:1      | Learned a level 1 spell: Magic Dart
   703 | D:1      | Reached skill level 1 in Spellcasting
  1131 | D:2      | Found Biwkuw's Antique Armour Shop.
  1667 | D:2      | Reached XP level 4. HP: 29/34 MP: 0/0
  2142 | D:2      | Noticed Terence
  2771 | D:2      | You are sucked into a shaft and drop 2 floors!
  2864 | D:4      | Found a hazy altar of Hepliaklqana.
  2929 | D:4      | Reached XP level 5. HP: 38/39 MP: 0/0
  2929 | D:4      | Learned a level 2 spell: Slow
  3076 | D:4      | Found a snail-covered altar of Cheibriados.
  3169 | D:4      | Found a shadowy altar of Dithmenos.
  3347 | D:4      | Found a glowing drain.
  3356 | Sewer    | Entered a sewer
  3420 | Sewer    | Reached XP level 6. HP: 44/44 MP: 0/0
  3804 | D:4      | Found a runed translucent gate.
  3804 | D:4      | Identified the +1 leather armour of the Butcher {Int+8
                  | SInv}
  3804 | D:4      | Noticed Stajl's ghost (amateur TrFi)
  3805 | D:4      | Found a runed translucent gate.
  3892 | D:2      | You are sucked into a shaft and drop 1 floor!
  4494 | D:3      | Found a glowing golden altar of the Shining One.
  5083 | D:3      | Found a basalt altar of Yredelemnul.
  5329 | D:4      | Found a runed translucent gate.
  5852 | D:5      | Entered Level 5 of the Dungeon
  5924 | D:5      | Found a staircase to the Ecumenical Temple.
  5936 | D:5      | Reached skill level 3 in Fighting
  5936 | D:5      | Reached XP level 7. HP: 49/50 MP: 0/0
  5936 | D:5      | Learned a level 2 spell: Passwall
  5947 | Temple   | Entered the Ecumenical Temple
  6068 | Temple   | Became a worshipper of Ashenzari the Shackled
  6211 | D:5      | Reached skill level 1 in Shields
  6390 | D:5      | Identified the +1 great mace of Joyful Slaughter {vamp,
                  | Will+}
  6392 | D:5      | Noticed letownia's ghost (novice BaWr)
  6394 | D:5      | Found a transporter.
  6400 | D:5      | Found a transporter.
  6425 | D:5      | Reached skill level 4 in Fighting
  6445 | D:5      | Found a burning altar of Makhleb.
  6629 | D:5      | Reached XP level 8. HP: 58/58 MP: 0/0
  6971 | D:6      | Reached skill level 5 in Spellcasting
  6999 | D:6      | Noticed a troll
  7195 | D:6      | Killed a troll
  7196 | D:6      | Reached skill level 5 in Fighting
  7245 | D:6      | Reached * piety under Ashenzari
  7359 | D:6      | Reached skill level 1 in Armour
  7359 | D:6      | Reached XP level 9. HP: 66/66 MP: 0/0
  7359 | D:6      | Learned a level 3 spell: Inner Flame
  7414 | D:6      | Found a sacrificial altar of Ru.
  7503 | D:6      | Found a hide-covered altar of Uskayaw.
  7551 | D:6      | Reached skill level 6 in Fighting
  8007 | D:7      | Reached ** piety under Ashenzari
  8050 | D:7      | Noticed a hornet
  8061 | D:7      | Killed a hornet
  8179 | D:7      | Found a shimmering altar of Xom.
  8281 | D:7      | Noticed a purple ugly thing
  8281 | D:7      | Noticed a cyclops
  8289 | D:7      | Noticed waddelsworth's ghost (novice GrBe)
  8297 | D:7      | Noticed an ice statue
  8306 | D:7      | Found a transporter.
  8310 | D:7      | Found a transporter.
  8778 | D:8      | Reached skill level 7 in Fighting
  8812 | D:8      | Found Otoemess's Firing Range.
  8958 | D:8      | Noticed Psyche
  9098 | D:8      | Reached skill level 5 in Dodging
  9266 | D:8      | Found a staircase to the Lair.
  9382 | D:8      | Found a blossoming altar of Fedhas.
  9661 | D:8      | Killed Psyche
  9662 | D:8      | Reached XP level 10. HP: 74/75 MP: 0/0
  9936 | D:9      | Found a transporter.
  9936 | D:9      | Identified the ring "Zunullel" {Wiz rF+ Will++ Str-5 SInv}
 10041 | D:9      | Noticed a cyan ugly thing
 10042 | D:9      | Noticed a brown ugly thing
 10042 | D:9      | Noticed a red ugly thing
 10043 | D:9      | Found a corrupted altar of Lugonu.
 10169 | D:9      | Reached skill level 8 in Fighting
 10423 | D:9      | Noticed a centaur warrior
 10457 | D:9      | Killed a centaur warrior
 10686 | D:9      | Found a transporter.
 10749 | D:9      | Reached skill level 9 in Fighting
 11216 | D:9      | Reached XP level 11. HP: 81/84 MP: 0/0
 11216 | D:9      | Learned a level 4 spell: Ice Form
 11453 | D:9      | Reached skill level 5 in Armour
 11498 | D:9      | Identified the cursed +0 cloak of the Ether {Cun, Evo} (You
                  | found it on level 1 of the Dungeon)
 11498 | D:9      | Identified the cursed +0 helmet "Lashed Together" {Fort,
                  | Melee}
 11498 | D:9      | Identified the cursed +0 buckler of Toth-Mos's Legacy
                  | {Fort, Evo} (You found it on level 3 of the Dungeon)
 11516 | D:9      | Found a transporter.
 11518 | D:9      | Found a corrupted altar of Lugonu.
 11518 | D:9      | Found a transporter.
 12182 | Lair:1   | Entered Level 1 of the Lair of Beasts
 12326 | Lair:1   | Noticed Maggie
 12347 | Lair:1   | Reached skill level 10 in Fighting
 12371 | Lair:1   | Killed Maggie
 13135 | Lair:1   | Noticed an oklob plant
 13135 | Lair:1   | Noticed an oklob plant
 13135 | Lair:1   | Noticed an oklob plant
 13266 | Lair:2   | Reached skill level 5 in Short Blades
 13356 | Lair:2   | Found a dark tunnel.
 13361 | Volcano  | Entered a volcano
 13899 | Volcano  | Noticed a deep elf pyromancer
 13900 | Volcano  | Noticed a deep elf pyromancer
 13923 | Volcano  | Noticed a deep elf pyromancer
 13966 | Volcano  | Noticed a deep elf pyromancer
 13989 | Volcano  | Killed a deep elf pyromancer
 13994 | Volcano  | Killed a deep elf pyromancer
 14075 | Volcano  | HP: 3/86 [fire elemental[a deep elf pyromancer] (3)]
 14290 | Lair:2   | Reached XP level 12. HP: 92/93 MP: 0/0
 14430 | Lair:2   | Found a basalt altar of Yredelemnul.
 14692 | Lair:2   | Found a staircase to the Snake Pit.
 15108 | Lair:3   | Noticed a five-headed hydra
 15131 | Lair:3   | Killed a five-headed hydra
 15132 | Lair:3   | Reached skill level 11 in Fighting
 15207 | Lair:3   | Found a gate leading to a gauntlet.
 15321 | Gauntlet | Entered a Gauntlet
 15321 | Gauntlet | Found a transporter.
 15324 | Gauntlet | Found a transporter.
 15337 | Gauntlet | Found a transporter.
 15338 | Gauntlet | Found a transporter.
 15347 | Gauntlet | Found a transporter.
 15349 | Gauntlet | Found a transporter.
 15350 | Gauntlet | Found a transporter.
 15358 | Gauntlet | Found a transporter.
 15361 | Gauntlet | Found a transporter.
 15362 | Gauntlet | Found a transporter.
 15368 | Gauntlet | Noticed a dire elephant
 15371 | Gauntlet | Found a transporter.
 15373 | Gauntlet | Found a transporter.
 15374 | Gauntlet | Found a transporter.
 15381 | Gauntlet | Noticed an entropy weaver
 15382 | Gauntlet | Found a transporter.
 15430 | Gauntlet | Identified the ring "Juluitin" {Wiz Dex+6 SInv}
 15434 | Gauntlet | Reached *** piety under Ashenzari
 15632 | Gauntlet | Killed from afar by a ynoxinul

Illustrated notes

Levels and vault maps discovered:
D:1:      dpeg_arrival_refuge, layout_loops_ring, serial_park_tiny_1,
          minmay_hexomino_f4
D:2:      layout_basic, serial_shops, shop, minmay_misc_feat_enclosed,
          supply_closet_lemuel, st_stairs_11, minmay_tripent, uniq_terence
D:3:      cheibrodos_thug_alley, layout_basic, lemuel_zombie_altar_yredelemnul,
          mainiacjoe_overflow_concentric_impassable
D:4:      layout_rooms, nicolae_dithmenos_shadow_blocks, slow_altar_2,
          mainiacjoe_overflow_two_lobes, biasface_ghost_orc_armoury,
          serial_co_window_serial, co_window_paths_a, co_window_paths_a,
          co_window_paths_a, co_window_paths_a, co_window_paths_b,
          co_window_broadway_a, co_window_paths_c, co_window_of_opportunity_b,
          co_window_of_opportunity_c, co_window_corner_b, co_window_corner_b,
          glass_columns_b, glass_columns_a, glass_columns_a, glass_columns_b,
          glass_columns_a, portal_sewer_entry_b, chequers_arboretum,
          minmay_rat_hole
D:5:      layout_basic, mainiacjoe_overflow_boulevard,
          mainiacjoe_overflow_catwalk, minmay_temple_entry_butterflies,
          gammafunk_ghost_smash
D:6:      layout_basic, lemuel_round_altar, mainiacjoe_overflow_tiny_flanked,
          minmay_manual_mail
D:7:      layout_loops_ring, mainiacjoe_overflow_alcove_2, nzn_ghost_randoct
D:8:      layout_basic, fedhas_altar_decomposition,
          grunt_lair_entry_orc_guard_hut, nicolae_shop_firing_range, uniq_psyche
D:9:      gammafunk_corrupted_shrine, layout_basic, nrook_uturn
Temple:   jpeg_temple_island
Lair:1:   layout_cave_pods, chequers_serial_rivers_small_b,
          chequers_serial_rivers_micro_e, chequers_serial_rivers_micro_a,
          grunt_megastairs_2, lemuel_fruit_tree, minmay_lair_oklob_chamber,
          uniq_maggie
Lair:2:   layout_loops_ring, minmay_snake_entry_guardpost_small, serial_forest,
          infiniplex_forest_zigzag_1, infiniplex_forest_end_1,
          infiniplex_forest_clump_diagonal, infiniplex_forest_lined_room_2,
          infiniplex_forest_lined_ring, infiniplex_forest_straight_2,
          infiniplex_forest_lined_3, infiniplex_forest_straight_2,
          enter_volcano_4, basic_altar, forest_entry_grove
Lair:3:   layout_regular_city, gauntlet_entry_generic, kennysheep_rathole
Gauntlet: gammafunk_gauntlet_77_escape_option [minmay_gauntlet_arena_77_mess,
          minmay_gauntlet_arena_77_fan, minmay_gauntlet_arena_77_two_paths,
          minmay_gauntlet_arena_77_checkered, minmay_gauntlet_arena_77_braids,
          nicolae_gauntlet_exit_dead_adventurers]

Skill      XL: |  1  2  3  4  5  6  7  8  9 10 11 12 |
---------------+-------------------------------------+-----
Short Blades   | 3 6 8 |  8.2
Spellcasting   | 1 2 3 4 5 6 7 8 |  8.5
Fighting       | 3 4 5 7 9 10 11 | 11.3
Shields        | 1 2 3 |  3.2
Armour         | 1 3 4 5 |  5.7
Dodging        | 5 6 |  6.5
Throwing       | |  1.5

Action                   |  1- 3 |  4- 6 |  7- 9 | 10-12 || total
-------------------------+-------+-------+-------+-------++-------
Melee: Rapier            |    78 |   225 |   286 |  1000 ||  1589
       Short sword       |       |       |       |    55 ||    55
       Unarmed           |       |       |       |    26 ||    26
 Cast: Magic Dart        |    37 |   244 |   199 |   179 ||   659
       Slow              |       |       |     8 |    14 ||    22
       Ice Form          |       |       |       |     1 ||     1
Invok: Curse Item        |       |       |     3 |     1 ||     4
  Use: Scroll            |       |       |     1 |     1 ||     2
       Potion            |       |       |     1 |     1 ||     2
 Stab: Distracted        |       |       |       |     1 ||     1
Armor: Leather armour    |    24 |    78 |    94 |    11 ||   207
       Acid dragon scale |       |       |       |   255 ||   255
       Skin              |       |       |       |     5 ||     5
Dodge: Dodged            |    49 |   153 |   211 |   541 ||   954
Block: Buckler           |       |       |    84 |   242 ||   326
